 Dungeon Crawl Stone Soup version 0.31-a0-1610-g9787180 (webtiles) character file.

Game seed: 4795296435659951385

232333 PublicAnimeNo1 the Lord of Darkness (level 18, -4/136 HPs)
             Began as a Demonspawn Alchemist on Jan 6, 2024.
             Was the Champion of Kikubaaqudgha.
             Killed from afar by a deep elf zephyrmancer (21 damage)
             ... with a bolt of lightning
             ... on level 2 of the Elven Halls on Jan 8, 2024.
             The game lasted 01:53:40 (38466 turns).

PublicAnimeNo1 the Lord of Darkness (DsAl)         Turns: 38466, Time: 01:53:41

Health: -4/136     AC: 37    Str: 12    XL:     18   Next: 82%
Magic:  37/44      EV: 11    Int: 35    God:    Kikubaaqudgha [******]
Gold:   3924       SH:  0    Dex: 13    Spells: 7/43 levels left

rFire   + + .        a - +9 dagger (pain)
rCold   + + +        P - +0 buckler {rC+ rF+}
rNeg    . . .        O - +8 ice dragon scales
rPois   +            V - +0 mask of the Dragon {Will+ Slay+3 SInv}
rElec   .            z - +1 cloak
rCorr   .            N - +3 pair of gloves "Ybleri" {rF+ Will+ Str+3 Int+3}
SInv    +            (no boots)
Will    +++..        Q - amulet of regeneration Stlth
                     f - ring of Peru {rPois rF+ rC+ MP+9}
HPRegen 1.22/turn    q - +6 ring of intelligence
MPRegen 0.29/turn

%: no passive effects
@: confused, mighty, on fire, about to teleport, ambrosia-drunk, radiating
poison, sanguine armoured, glowing, studying Fire Magic
A: foul stench 2, powered by pain 2, sanguine armour 3, weakness stinger 2,
clever 1, mutation resistance 1
}: 1/15 runes: gossamer
a: Renounce Religion, Unearth Wretches, Torment


You were on level 2 of the Elven Halls.
You worshipped Kikubaaqudgha.
Kikubaaqudgha was exalted by your worship.
You visited 7 branches of the dungeon, and saw 31 of its levels.
You also visited: Ossuary and Desolation.

You collected 5386 gold pieces.
You spent 1462 gold pieces at shops.

Inventory:

Hand Weapons
 a - a +9 dagger of pain (weapon)
 d - the +11 rapier of Uklodoel {freeze, rPois Str+3}
   (You found it on level 1 of the Vaults)

   Str+3:     It affects your strength (+3).
   rPois:     It protects you from poison
Armour
 z - a +1 cloak (worn)
 L - the -2 hat of the Alchemist {rElec rPois rF+ rC+ rN+ Will+ rMut rCorr}
   (You found it on level 1 of the Orcish Mines)

   rF+:       It protects you from fire.
   rC+:       It protects you from cold.
   rElec:     It insulates you from electricity.
   rPois:     It protects you from poison rN+: It protects you from negative
   energy.
   Will+:     It increases your willpower.
   rCorr:     It protects you from acid and corrosion.
   rMut:      It protects you from mutation.
 N - the +3 pair of gloves "Ybleri" (worn) {rF+ Will+ Str+3 Int+3}
   (You bought it in a shop on level 2 of the Orcish Mines)

   Str+3:     It affects your strength (+3).
   Int+3:     It affects your intelligence (+3).
   rF+:       It protects you from fire.
   Will+:     It increases your willpower.
 O - +8 ice dragon scales (worn)
 P - a +0 buckler of resistance (worn)
 V - the +0 mask of the Dragon (worn) {Will+ Slay+3 SInv}
   (You found it on level 4 of the Spider Nest)

   Slay+3:    It affects your accuracy & damage with ranged weapons and melee
   (+3).
   Will+:     It increases your willpower.
   SInv:      It lets you see invisible.
Magical Staves
 b - the staff of Bodily Humours {rPois Int+5 Alchemy}
   (You found it on level 13 of the Dungeon)

   [staff of alchemy]

   Base accuracy: +5 Base damage: 5 Base attack delay: 1.2 This weapon's minimum
   attack delay (0.6) is reached at skill level 12.
   Int+5:     It affects your intelligence (+5).
   rPois:     It protects you from poison Alchemy: It increases the power of
   your Alchemy spells.
   It falls into the 'Staves' category.
   It is a one-handed weapon.
Jewellery
 f - the ring of Peru (left hand) {rPois rF+ rC+ MP+9}
   (You took it off a ragged hierophant in the Desolation of Salt)

   [ring of protection from cold]

   rF+:       It protects you from fire.
   rC+:       It protects you from cold.
   rPois:     It protects you from poison MP+9: It affects your magic capacity
   (+9).
 n - a +4 ring of slaying
 q - a +6 ring of intelligence (right hand)
 Q - an amulet of regeneration (around neck)
Wands
 c - a wand of digging (6)
 x - a wand of acid (2)
 y - a wand of paralysis (35)
 I - a wand of polymorph (15)
 J - a wand of roots (17)
 M - a wand of flame (71)
 W - a wand of mindburst (10)
Scrolls
 e - 4 scrolls of teleportation
 g - a scroll of amnesia
 p - 7 scrolls of poison
 s - a scroll of revelation
 t - 2 scrolls of fear
 v - 5 scrolls of vulnerability
 E - 4 scrolls of immolation
 F - a scroll of summoning
 G - 2 scrolls of silence
 H - a scroll of brand weapon
 K - 6 scrolls of identify
 R - 4 scrolls of fog
 U - 5 scrolls of enchant weapon
 X - a scroll of torment
Potions
 i - 3 potions of cancellation
 j - 5 potions of might
 l - 2 potions of attraction
 m - 2 potions of haste
 o - 3 potions of resistance
 r - 4 potions of enlightenment
 w - a potion of mutation
 A - 3 potions of invisibility
 C - 3 potions of brilliance
 D - 5 potions of curing
 S - 4 potions of ambrosia
 Y - 3 potions of magic
 Z - 2 potions of lignification
Miscellaneous
 k - a condenser vane (inert)


   Skills:
 - Level 10.6 Fighting
 - Level 10.0 Short Blades
 + Level 4.7 Armour
 - Level 10.0 Dodging
 + Level 7.6 Stealth
 - Level 4.0 Shields
 + Level 13.0 Spellcasting
 - Level 4.6 Conjurations
 - Level 8.0 Summonings
 + Level 15.6 Necromancy
 - Level 4.1 Fire Magic
 - Level 7.5 Ice Magic
 - Level 4.0 Air Magic
 + Level 8.9 Earth Magic
 - Level 13.2 Alchemy


You had 7 spell levels left.
You knew the following spells:

 Your Spells              Type           Power      Damage    Failure   Level
a - Martyr's Knell        Necr/Summ      81%        N/A       1%          4
b - Olgreb's Toxic Radia  Alch           86%        N/A       1%          4
c - Mephitic Cloud        Conj/Alch/Air  65%        N/A       2%          3
d - Sticky Flame          Fire/Alch      70%        2d11      4%          4
f - Fugue of the Fallen   Necr           93%        N/A       1%          3
g - Dispel Undead         Necr           93%        3d29      1%          4
h - Borgnjor's Vile Clut  Necr/Erth      41%        N/A       2%          5
i - Irradiate             Conj/Alch      35%        3d23      12%         5
j - Petrify               Alch/Erth      79%        N/A       1%          4

Your spell library contained the following spells:

 Spells                   Type           Power      Damage    Failure   Level
 Kiss of Death            Conj/Necr      100%       2d13      1%          1
 Necrotise                Necr           100%       1d9       1%          1
 Sting                    Conj/Alch      100%       1d9       1%          1
 Call Imp                 Summ           100%       N/A       1%          2
 Mercury Vapours          Alch/Air       100%       N/A       1%          2
 Sublimation of Blood     Necr           93%        N/A       1%          2
 Passwall                 Erth           72%        N/A       1%          3
 Summon Ice Beast         Ice/Summ       67%        N/A       1%          3
 Vampiric Draining        Necr           93%        2d12      1%          3
 Leda's Liquefaction      Alch/Erth      39%        N/A       1%          4
 Curse of Agony           Necr           93%        N/A       1%          5
 Foxfire                  Conj/Fire      100%       2x1d9     2%          1
 Magic Dart               Conj           100%       1d8       2%          1
 Frozen Ramparts          Ice            100%       1d16      2%          3
 Ozocubu's Armour         Ice            66%        N/A       2%          3
 Searing Ray              Conj           100%       2d8       3%          2
 Hailstorm                Conj/Ice       60%        3d11      4%          3
 Fulminant Prism          Conj/Alch      35%        3d17      4%          4
 Ensorcelled Hibernation  Hex/Ice        98%        N/A       5%          2
 Anguish                  Hex/Necr       33%        N/A       6%          4
 Momentum Strike          Conj/Tloc      78%        3d10      10%         2
 Swiftness                Air            50%        N/A       10%         3
 Summon Lightning Spire   Summ/Air       60%        N/A       14%         4
 Apportation              Tloc           44%        N/A       16%         1
 Slow                     Hex            88%        N/A       16%         1
 Dazzling Flash           Conj/Hex       78%        N/A       19%         3
 Blink                    Tloc           44%        N/A       24%         2
 Lesser Beckoning         Tloc           44%        N/A       24%         2
 Flame Wave               Conj/Fire      52%        2d13      26%         4
 Airstrike                Air            25%        2d(4-20)  30%         4
 Sculpt Simulacrum        Ice/Alch       38%        N/A       34%         6
 Confusing Touch          Hex            22%        N/A       43%         3
 Gell's Gravitas          Tloc           22%        N/A       43%         3
 Sigil of Binding         Hex            22%        N/A       43%         3
 Teleport Other           Tloc           22%        N/A       43%         3
 Tukima's Dance           Hex            22%        N/A       43%         3
 Freezing Cloud           Conj/Ice/Air   28%        6-21      43%         5
 Iskenderun's Mystic Bla  Conj/Tloc      39%        2d9       52%         4
 Vhi's Electric Charge    Tloc/Air       72%        N/A       56%         4
 Arcjolt                  Conj/Air       26%        1d36      58%         5
 Fireball                 Conj/Fire      26%        3d12      58%         5
 Summon Mana Viper        Hex/Summ       50%        N/A       65%         5
 Metabolic Englaciation   Hex/Ice        24%        N/A       67%         5
 Dimensional Bullseye     Hex/Tloc       11%        N/A       85%         4
 Manifold Assault         Tloc           22%        N/A       85%         4
 Silence                  Hex/Air        18%        N/A       89%         5
 Plasma Beam              Fire/Air       25%        2x1d37    99%         6
 Starburst                Conj/Fire      26%        6d8       99%         6
 Monstrous Menagerie      Summ           34%        N/A       99%         7
 Dispersal                Tloc           11%        N/A       100%        6
 Orb of Destruction       Conj           26%        9d9       100%        7
 Disjunction              Tloc           11%        N/A       100%        8
 Maxwell's Capacitive Co  Air            25%        ∞         100%        8
 Dragon's Call            Summ           34%        N/A       100%        9


Dungeon Overview and Level Annotations

Branches:
Dungeon (15/15)            Temple (0/1) D:7            Lair (5/5) D:9
 Shoals (1/4) Lair:2       Spider (4/4) Lair:3        Slime (0/5) Lair:5
    Orc (2/2) D:11            Elf (2/3) Orc:2        Vaults (2/5) D:13
 Depths (0/4) D:15        Ossuary (visited)         Desolation (visited)
  Crypt: Vaults:2-3

Altars:
Ashenzari
Cheibriados
Fedhas
Gozag
Hepliaklqana
Kikubaaqudgha
Qazlal
Trog
Uskayaw
Vehumet
Xom
Jiyva

Shops:
D:10 [   D:12 (   Orc:1 (   Orc:2 [[(=*   Vaults:1 [

Portals:
Trove: D:14 (give 15 scrolls of teleportation)

Annotations:
D:8 1 runed translucent door, Kave's ghost, novice TrSh
D:13 3 runed translucent doors, Haresteo's ghost, journeyman TrSh
Lair:3 exclusion: ice statue
Lair:4 1 exclusion
Lair:5 3 runed translucent doors, aaaa44's ghost, journeyman FeBe
Spider:2 2 runed translucent doors, roomforsquares's ghost, adept TrFi
Orc:2 exclusion: oklob plant
Elf:1 1 runed translucent door
Elf:2 Asterion


Innate Abilities, Weirdness & Mutations

You sometimes emit foul miasma when damaged in melee.
You sometimes gain power by taking damage.
When seriously injured, your blood forms very thick armour. (AC +12)
You have a tail ending in a sharp stinger.
Your mind is acute. (Int +4, Str/Dex -1)
You are somewhat resistant to further mutation.


Message History

You feel mightier all of a sudden. The bolt of lightning hits you.
* * * LOW HITPOINT WARNING * * *
The +0 falchion hits you but does no damage.
Okay, then.
As you read the scroll of teleportation, it crumbles to dust.
You feel strangely unstable. The liquid fire burns you!
* * * LOW HITPOINT WARNING * * *
The deep elf pyromancer is poisoned.
The deep elf archer looks as sick as possible!
The deep elf zephyrmancer looks even sicker.
The deep elf pyromancer looks as sick as possible!
The raiju looks even sicker.
The +2 vampiric trident hits you but does no damage.
The +0 falchion completely misses you.
The deep elf pyromancer gestures wildly while chanting.
The deep elf pyromancer blinks!
The deep elf archer unwields a +0 short sword.
The deep elf archer wields a +0 shortbow.
The deep elf archer shoots an arrow.
The arrow barely misses you.
Okay, then.
You are confused.
You feel invigorated. The liquid fire burns you!
* * * LOW HITPOINT WARNING * * *
The deep elf pyromancer is poisoned.
The raiju looks as sick as possible!
The +2 vampiric trident completely misses you.
The +0 falchion hits you but does no damage.
The raiju bursts into living lightning!
The living lightning hits you.
* * * LOW HITPOINT WARNING * * *
The raiju blinks! x2
The +2 vampiric trident hits you but does no damage.
The +0 falchion hits you!
* * * LOW HITPOINT WARNING * * *
The deep elf zephyrmancer points at you and mumbles some strange words.
The bolt of lightning hits you!!
You die...
Kikubaaqudgha rasps: "You have failed me!
Welcome... death!"

,,,*******,.........,*,*,*,*,*,**
*,*##* *,,.......,,*,**,,,**,*
*,,..# *,,,......,,*,***,***,*
***#.# ****#....,****,,,,,,,** ##
#.#### #....** ********** <#
#....# #...#* *,* *,** .# #.##)##
#.§(# *,* *,,, .###.#...###
*##h## **,** ****
........^..####(@.#*****,,,**
.##)...#....##.###eee...,,,,***
.#.†..###.....## *#E....,,,,,,***
.#...## ##...## *#.##.,,,,,,,,,
#.....###.)...# *...,,,,,,,,**
#..#...#...#..# **,##e,,,,,,,*
#.###.....###.#* **,***,,,*,,,**
#.,#......,*,..#**,,,,,,,,*****
##,....#.....##..,*,,,,,*,*


You could see a deep elf archer (repels missiles, extremely poisoned), 2 deep
elf pyromancers, a deep elf zephyrmancer (very poisoned), a raiju shaped shifter
(extremely poisoned), an air elemental and 2 dancing weapons.

Vanquished Creatures
  4 ghost moths
  3 imperial myrmidons (Desolation)
  A frost giant (D:15)
  2 emperor scorpions (Spider:4)
  2 vault wardens (Vaults:1)
  4 ironbound preservers (Vaults:1)
  An orc warlord (Orc:2)
  A very ugly thing (D:15)
  2 broodmothers
  A formless jellyfish (Vaults:1)
  A deep elf demonologist (Elf:2)
  3 dire elephants (Vaults:1)
  2 minotaurs (D:13)
  2 deep elf annihilators (Elf:1)
  2 halazid warlocks (Desolation)
  A spark wasp (Spider:4)
  2 fire dragons (D:15)
  2 entropy weavers
  2 yaktaur captains (D:14)
  2 crystal guardians (Desolation)
  11 ragged hierophants (Desolation)
  3 hydras
  5 great orbs of eyes (Vaults:1)
  11 vault guards
  9 servants of whispers (Desolation)
  11 peacekeepers (Desolation)
  A catoblepas (D:15)
  2 ogre magi
  3 ironbound frosthearts (Vaults:1)
  3 radroaches
  6 boulder beetles
  A centaur warrior (D:15)
  4 dancing weapons (Elf:2)
  12 two-headed ogres
  3 demonic crawlers
  A death knight (D:15)
  A deep troll earth mage (D:15)
  Urug (D:12)
  An occultist (D:15)
  2 orc high priests (Orc:2)
  7 death yaks
  4 skysharks
  3 deep elf knights
  7 pharaoh ants
  14 deep trolls (Vaults:1)
  A goliath frog (Lair:5)
  A flayed ghost (D:15)
  2 arcanists
  14 orb spiders
  7 glowing orange brains (D:14)
  2 deep elf archers
  2 lindwurms
  Pikel (D:8)
  An orc knight (Orc:2)
  5 ironbound convokers
  3 steelbarb worms
  14 deep elf pyromancers
  A necromancer (D:15)
  An orc sorcerer (Orc:2)
  6 deep elf zephyrmancers
  12 ugly things
  26 wolf spiders
  3 manticores
  Maurice (Orc:1)
  10 elephants
  2 moths of wrath
  A merfolk siren (Lair:2)
  5 black mambas
  6 kobold blastminers
  8 cyclopes
  8 guardian serpents (Desolation)
  3 vault sentinels (Vaults:1)
  4 gargoyles
  5 torpor snails
  A cane toad (shapeshifter) (Elf:1)
  20 cane toads
  7 komodo dragons
  An efreet (D:15)
  15 yaktaurs
  3 rime drakes
  3 polar bears
  4 trolls
  A wolf spider simulacrum (D:15)
  7 hornets
  Prince Ribbit (Lair:3)
  82 saltlings (Desolation)
  25 tarantellas
  2 tyrant leeches (Lair:5)
  26 blink frogs
  10 slime creatures
  A vampire (D:12)
  28 jumping spiders
  2 shadows
  A spriggan (shapeshifter) (D:15)
  4 wyverns
  A basilisk (shapeshifter) (Elf:1)
  2 wraiths
  61 yaks
  A culicivora (shapeshifter) (Elf:2)
  14 culicivoras
  A fire elemental (Elf:1)
  A water elemental (Elf:2)
  3 basilisks
  11 vampire mosquitoes
  A human (shapeshifter) (D:14)
  3 wargs
  A steam dragon (D:10)
  54 redbacks
  13 water moccasins
  A two-headed ogre zombie (Orc:1)
  2 acid dragons
  8 ice beasts
  A black bear (D:9)
  23 ogres
  23 orc warriors
  A black bear (shapeshifter) (D:14)
  5 wolves (Lair:5)
  5 boggarts (D:14)
  4 centaurs
  4 lemures (D:8)
  21 bullfrogs
  2 elf zombies (Ossuary)
  A weeping skull (Ossuary)
  2 gnoll sergeants
  5 scorpions
  2 burial acolytes (Ossuary)
  9 killer bees
  7 howler monkeys
  6 electric eels
  A centaur zombie (Ossuary)
  A hound (D:5)
  3 human zombies (Ossuary)
  An iron imp (Orc:1)
  2 bombardier beetles
  5 jellies
  A sleepcap (D:7)
  2 gnoll boudas
  14 orc priests
  3 iguanas
  Natasha (thrice) (D:4)
  31 orc wizards
  An ogre zombie (Orc:1)
  3 hound zombies (Ossuary)
  3 hound skeletons (D:3)
  2 mummies (Ossuary)
  A howler monkey zombie (D:3)
  24 gnolls
  9 adders
  A shadow imp (Orc:1)
  5 white imps
  An ufetubus (D:5)
  An adder skeleton (D:3)
  2 dart slugs
  2 ribbon worms
  92 orcs
  5 bats
  9 endoplasms
  3 giant cockroaches
  7 goblins
  6 hobgoblins
  4 jackals
  4 kobolds
  7 quokkas
  10 ball pythons
  A ball python skeleton (D:3)
  2 frilled lizards
  2 gnoll zombies (Ossuary)
  A jackal zombie (D:3)
  10 orc zombies
  A quokka skeleton (D:3)
  2 rats
  A spectral orc (D:7)
1153 creatures vanquished.

Vanquished Creatures (collateral kills)
  An emperor scorpion (Spider:4)
  A dire elephant (Vaults:1)
  A radroach (Spider:4)
  A slime creature (D:12)
  An orb spider (Spider:4)
  2 deep elf zephyrmancers (Elf:1)
  An elephant (Lair:5)
  A black mamba (Lair:2)
  A hornet (Spider:4)
  3 yaks
  A warg (Orc:2)
  A swamp drake (Orc:1)
  4 orc warriors (Orc:2)
  A crimson imp (Orc:1)
  A jelly (Lair:4)
  An orc priest (Orc:2)
  An orc wizard (Orc:1)
  3 gnolls (D:13)
26 creatures vanquished.

Vanquished Creatures (others)
  A demonic crawler (Spider:3)
  A pharaoh ant (Spider:4)
  A deep elf pyromancer (Elf:2)
  A cane toad (shapeshifter) (D:14)
  An electric eel (D:13)
  An orc wizard (Orc:2)
6 creatures vanquished.

Grand Total: 1185 creatures vanquished

Notes
Turn   | Place    | Note
-------+----------+-------------------------------------------
     0 | D:1      | PublicAnimeNo1 the Demonspawn Alchemist began the quest for
                  | the Orb.
     0 | D:1      | Reached XP level 1. HP: 13/13 MP: 3/3
   259 | D:1      | Gained mutation: You sometimes gain a little power by
                  | taking damage. [demonic ancestry]
   259 | D:1      | Reached XP level 2. HP: 12/19 MP: 0/5
   851 | D:1      | Gained mutation: You may rarely emit foul miasma when
                  | damaged in melee. [demonic ancestry]
   851 | D:1      | Reached XP level 3. HP: 24/24 MP: 6/6
  1849 | D:2      | Reached skill level 5 in Alchemy
  1849 | D:2      | Reached XP level 4. HP: 30/30 MP: 7/7
  2009 | D:2      | Learned a level 4 spell: Olgreb's Toxic Radiance
  2498 | D:3      | Reached XP level 5. HP: 35/35 MP: 8/8
  2960 | D:4      | Identified the +4 ring mail of the Camelopard {Harm Will+}
  3084 | D:4      | Found an opulent altar of Gozag.
  3084 | D:4      | Found an ancient bone altar of Kikubaaqudgha.
  3091 | D:4      | Found a faded altar of an unknown god.
  3094 | D:4      | Became a worshipper of Kikubaaqudgha
  3098 | D:4      | Found a faded altar of an unknown god.
  3100 | D:4      | Found a blossoming altar of Fedhas.
  3168 | D:4      | Gained mutation: When seriously injured, your blood forms
                  | armour. (AC +12) [demonic ancestry]
  3168 | D:4      | Reached XP level 6. HP: 16/41 MP: 9/9
  3354 | D:4      | Noticed Natasha
  3359 | D:4      | Killed Natasha
  3425 | D:4      | Noticed Natasha
  3438 | D:4      | Killed Natasha
  3443 | D:4      | Learned a level 3 spell: Mephitic Cloud
  3568 | D:4      | Noticed Natasha
  3576 | D:4      | Killed Natasha
  3626 | D:4      | Found a hide-covered altar of Uskayaw.
  3864 | D:4      | Found a snail-covered altar of Cheibriados.
  4096 | D:5      | Entered Level 5 of the Dungeon
  4096 | D:5      | Found a sand-covered staircase.
  4204 | D:5      | Gained mutation: You have a small tail. [demonic ancestry]
  4204 | D:5      | Reached XP level 7. HP: 17/46 MP: 11/11
  4219 | D:5      | Reached * piety under Kikubaaqudgha
  4219 | D:5      | Received a gift from Kikubaaqudgha
  4231 | Ossuary  | Entered an ossuary
  4665 | Ossuary  | Reached skill level 1 in Fighting
  4665 | Ossuary  | Reached XP level 8. HP: 24/54 MP: 13/13
  5066 | D:5      | Found a bloodstained altar of Trog.
  5078 | D:5      | Reached skill level 1 in Air Magic
  5207 | D:5      | Reached ** piety under Kikubaaqudgha
  5783 | D:5      | Learned a level 4 spell: Sticky Flame
  6377 | D:6      | Reached skill level 5 in Spellcasting
  6377 | D:6      | Reached skill level 1 in Fire Magic
  6521 | D:7      | Noticed a gargoyle
  6733 | D:7      | Killed a gargoyle
  6734 | D:7      | Reached XP level 9. HP: 36/65 MP: 16/16
  6876 | D:7      | You fall into a shaft and drop 1 floor!
  6920 | D:8      | Noticed Pikel
  6942 | D:8      | Killed Pikel
  7392 | D:8      | Found a runed translucent door.
  7393 | D:8      | Found a shimmering altar of Xom.
  7393 | D:8      | Noticed Kave's ghost (novice TrSh)
  7394 | D:8      | Noticed a +2 long sword of chaos
  7462 | D:8      | Reached skill level 5 in Fighting
  7711 | D:8      | Found a broken altar of Ashenzari.
  7833 | D:9      | Identified a scroll of acquirement
  7833 | D:9      | Acquired 1199 gold pieces
  7968 | D:9      | Found a stormy altar of Qazlal.
  8002 | D:9      | Learned a level 3 spell: Summon Ice Beast
  8144 | D:9      | Noticed a two-headed ogre
  8149 | D:9      | Killed a two-headed ogre
  8150 | D:9      | Gained mutation: When seriously injured, your blood forms
                  | thick armour. (AC +12) [demonic ancestry]
  8150 | D:9      | Reached XP level 10. HP: 74/74 MP: 17/17
  8212 | D:9      | Noticed an elephant
  8235 | D:9      | Killed an elephant
  8320 | D:9      | Reached *** piety under Kikubaaqudgha
  8320 | D:9      | Received a gift from Kikubaaqudgha
  8572 | D:9      | Reached skill level 1 in Ice Magic
  8833 | D:9      | Found a staircase to the Lair.
  9112 | D:10     | Entered Level 10 of the Dungeon
  9376 | D:10     | Found Nyluecw's Superior Scales.
  9603 | D:10     | Reached skill level 1 in Short Blades
 10490 | Lair:1   | Entered Level 1 of the Lair of Beasts
 10490 | Lair:1   | Noticed a cane toad
 10613 | D:7      | Found a staircase to the Ecumenical Temple.
 10811 | D:7      | Found a hazy altar of Hepliaklqana.
 10846 | D:7      | Reached skill level 10 in Alchemy
 10896 | D:7      | Found a radiant altar of Vehumet.
 11042 | D:11     | Noticed a green ugly thing
 11129 | D:11     | Noticed a cyclops
 11145 | D:11     | Killed a cyclops
 11275 | D:11     | Noticed a cyclops
 11284 | D:11     | Killed a cyclops
 11446 | D:11     | Killed a green ugly thing
 11447 | D:11     | Gained mutation: You sometimes emit foul miasma when
                  | damaged in melee. [demonic ancestry]
 11447 | D:11     | Reached XP level 11. HP: 21/81 MP: 18/18
 11641 | D:11     | Reached skill level 5 in Dodging
 11997 | D:11     | HP: 3/81 [shadow (4)]
 12302 | D:11     | Reached **** piety under Kikubaaqudgha
 12350 | D:11     | Found a staircase to the Orcish Mines.
 12416 | Orc:1    | Entered Level 1 of the Orcish Mines
 12420 | Orc:1    | Noticed Maurice
 12434 | Orc:1    | Reached skill level 1 in Summonings
 12600 | Orc:1    | Something stole an amulet of guardian spirit
 12601 | Orc:1    | Something stole 92 gold
 12602 | Orc:1    | Something stole 780 gold
 12603 | Orc:1    | Killed Maurice
 12686 | Orc:1    | Found Zimuu's Antique Weapon Shop.
 12947 | Orc:1    | Reached skill level 5 in Ice Magic
 13017 | Orc:1    | Learned a level 3 spell: Fugue of the Fallen
 13048 | Orc:1    | Noticed a two-headed ogre
 13048 | Orc:1    | Noticed a two-headed ogre
 13053 | Orc:1    | Noticed a two-headed ogre
 13059 | Orc:1    | Killed a two-headed ogre
 13060 | Orc:1    | Reached skill level 1 in Necromancy
 13067 | Orc:1    | Killed a two-headed ogre
 13068 | Orc:1    | Reached skill level 2 in Necromancy
 13073 | Orc:1    | Reached ***** piety under Kikubaaqudgha
 13080 | Orc:1    | Killed a two-headed ogre
 13255 | Orc:1    | Noticed a two-headed ogre
 13255 | Orc:1    | Noticed a two-headed ogre
 13256 | Orc:1    | Noticed a two-headed ogre
 13257 | Orc:1    | Noticed an ogre mage
 13267 | Orc:1    | Killed a two-headed ogre
 13268 | Orc:1    | Reached skill level 3 in Necromancy
 13278 | Orc:1    | Killed a two-headed ogre
 13279 | Orc:1    | Reached XP level 12. HP: 28/88 MP: 19/19
 13279 | Orc:1    | Killed an ogre mage
 13475 | Orc:1    | Killed a two-headed ogre
 13476 | Orc:1    | Upgraded the game from 0.31-a0-1591-g515db51 to
                  | 0.31-a0-1598-g94871bc
 13938 | Orc:1    | Reached skill level 4 in Necromancy
 13998 | Orc:1    | Found the -2 hat of the Alchemist {rElec rPois rF+ rC+ rN+
                  | Will+ rMut rCorr}
 14011 | Orc:1    | Identified the +1 robe "Atabroc" {+Blink rC++ Dex-4}
 14012 | Orc:1    | Identified the +4 robe of Inevitability {Harm *Corrode rF-
                  | Int+4}
 14320 | Orc:1    | Reached skill level 5 in Summonings
 14608 | Orc:2    | Entered Level 2 of the Orcish Mines
 15193 | Orc:2    | Reached skill level 5 in Necromancy
 15310 | Orc:2    | Noticed an orc high priest
 15321 | Orc:2    | Killed an orc high priest
 15425 | Orc:2    | Found Daishu Xuiv's Jewellery Boutique.
 15607 | Orc:2    | Found Fygi's Antique Armour Shoppe.
 15630 | Orc:2    | Bought a pair of ichor-stained gloves for 228 gold pieces
 15630 | Orc:2    | Identified the +3 pair of gloves "Ybleri" {rF+ Will+ Str+3
                  | Int+3} (You bought it in a shop on level 2 of the Orcish
                  | Mines)
 16014 | Orc:2    | Reached skill level 6 in Necromancy
 16123 | Orc:2    | Found a staircase to the Elven Halls.
 16238 | Orc:2    | Found Qiff's General Store.
 16408 | Orc:2    | Reached ****** piety under Kikubaaqudgha
 16689 | Orc:2    | Noticed an orc warlord
 16783 | Orc:2    | Killed an orc warlord
 16921 | Orc:2    | Noticed an orc high priest
 16927 | Orc:2    | Killed an orc high priest
 16928 | Orc:2    | Reached XP level 13. HP: 94/96 MP: 20/20
 16970 | Orc:2    | Found Sar Leac's Antique Armour Shoppe.
 16974 | Orc:2    | Found Jyphuatu's Antique Weapon Emporium.
 16985 | Orc:2    | Bought a slimy leather armour for 154 gold pieces
 16985 | Orc:2    | Identified the +5 leather armour of Youthful Indiscretion
                  | {rElec rCorr Int-3 Dex+4} (You bought it in a shop on level
                  | 2 of the Orcish Mines)
 17273 | D:12     | Found Xekus's Weapon Shop.
 17532 | Lair:1   | Identified a +7 dagger of pain (a +5 dagger of venom
                  | bloodied by Kikubaaqudgha)
 17532 | Lair:1   | Received a gift from Kikubaaqudgha
 17719 | Lair:1   | Reached skill level 7 in Necromancy
 18566 | Lair:2   | Learned a level 4 spell: Dispel Undead
 18568 | Lair:2   | Learned a level 1 spell: Necrotise
 18862 | Lair:2   | Reached skill level 5 in Short Blades
 18972 | Lair:2   | Reached skill level 8 in Necromancy
 19058 | Lair:2   | Found a staircase to the Shoals.
 19527 | Lair:3   | Noticed Prince Ribbit
 19542 | Lair:3   | Killed Prince Ribbit
 19645 | Lair:3   | Reached skill level 1 in Shields
 19790 | Lair:3   | Found a hole to the Spider Nest.
 20062 | Lair:3   | Found the +8 frozen axe "Frostbite" {freeze, freezing
                  | cloud, *Noise Fly rC+}
 20289 | Lair:3   | Reached skill level 9 in Necromancy
 20898 | Lair:3   | Learned a level 4 spell: Martyr's Knell
 21231 | Lair:4   | Reached XP level 14. HP: 87/103 MP: 25/25
 21520 | Lair:4   | Noticed an azure jelly
 22047 | Lair:5   | Entered Level 5 of the Lair of Beasts
 22063 | Lair:5   | Found a runed translucent gate.
 22064 | Lair:5   | Found a runed translucent gate.
 22064 | Lair:5   | Noticed aaaa44's ghost (journeyman FeBe)
 22076 | Lair:5   | Reached skill level 1 in Armour
 22233 | Lair:5   | Reached skill level 10 in Necromancy
 22662 | Lair:5   | Learned a level 5 spell: Borgnjor's Vile Clutch
 22699 | Lair:5   | Found a staircase to the Slime Pits.
 22703 | Lair:5   | Found a viscous altar of Jiyva.
 23048 | Lair:5   | Identified the +8 chain mail of Zizieb {rElec Will++ Regen+
                  | Str-3}
 23106 | Lair:5   | Found a runed translucent gate.
 23595 | D:12     | Reached skill level 1 in Earth Magic
 23891 | D:12     | Noticed Urug
 24300 | D:12     | Killed Urug
 24809 | D:13     | Found a runed translucent gate.
 24809 | D:13     | Found a runed translucent gate.
 24814 | D:13     | Found a runed translucent gate.
 24822 | D:13     | Noticed Haresteo's ghost (journeyman TrSh)
 24841 | D:13     | Gained mutation: When seriously injured, your blood forms
                  | very thick armour. (AC +12) [demonic ancestry]
 24841 | D:13     | Reached XP level 15. HP: 108/108 MP: 28/28
 25094 | D:13     | Found a gate to the Vaults.
 25112 | D:13     | Reached skill level 11 in Necromancy
 25551 | D:13     | Identified the staff of Bodily Humours {rPois Int+5
                  | Alchemy}
 26867 | D:14     | Found a portal to a secret trove of treasure.
 27298 | D:15     | Entered Level 15 of the Dungeon
 27519 | D:15     | Found a staircase to the Depths.
 27897 | D:15     | Reached skill level 12 in Necromancy
 28047 | D:15     | Reached skill level 10 in Spellcasting
 28142 | D:15     | Noticed a frost giant
 28159 | D:15     | Reached skill level 5 in Earth Magic
 28237 | D:15     | Killed a frost giant
 28297 | D:15     | Got the Parchment of the Wayfarer and Metal
 28570 | Spider:1 | Entered Level 1 of the Spider Nest
 28574 | Spider:1 | Gained mutation: You have a tail ending in a sharp stinger.
                  | [demonic ancestry]
 28574 | Spider:1 | Reached XP level 16. HP: 115/115 MP: 30/30
 29133 | Spider:1 | Reached skill level 10 in Short Blades
 29719 | Spider:2 | Found a large runed translucent door.
 29719 | Spider:2 | Found a large runed translucent door.
 29720 | Spider:2 | Noticed roomforsquares's ghost (adept TrFi)
 31320 | Spider:4 | Entered Level 4 of the Spider Nest
 31352 | Spider:4 | Reached skill level 10 in Dodging
 31366 | Spider:4 | Learned a level 6 spell: Sculpt Simulacrum
 31582 | Spider:4 | Upgraded the game from 0.31-a0-1598-g94871bc to
                  | 0.31-a0-1603-gbec6b6c
 31715 | Spider:4 | Learned a level 5 spell: Irradiate
 31749 | Spider:4 | Reached skill level 13 in Necromancy
 31766 | Spider:4 | Gained mutation: You sometimes gain power by taking damage.
                  | [demonic ancestry]
 31766 | Spider:4 | Reached XP level 17. HP: 115/126 MP: 11/31
 32704 | Spider:4 | Found the +0 mask of the Dragon {Will+ Slay+3 SInv}
 33352 | Spider:4 | Got a gossamer rune of Zot
 33490 | Shoals:1 | Entered Level 1 of the Shoals
 33649 | Vaults:1 | Entered Level 1 of the Vaults
 33694 | Vaults:1 | Reached skill level 10 in Fighting
 33913 | Vaults:1 | Identified the -2 pair of boots of Gallantry {^Contam Harm
                  | Int+4}
 33917 | Vaults:1 | Found Byckobryile's Antique Armour Shop.
 34073 | Vaults:1 | Reached skill level 14 in Necromancy
 34219 | Vaults:1 | You fall into a shaft and drop 1 floor!
 34381 | Vaults:1 | Found a crumbling gateway.
 34390 | Desolati | Entered the Desolation of Salt
 34472 | Desolati | Identified the ring "Beruew" {Will- Str+6 Dex+7}
 34499 | Desolati | Identified the +1 ring mail of Free Will {rPois rF+ Regen+
                  | Str-4}
 34736 | Desolati | Got Bittum's Folio of the Gang and Transposition
 35027 | Desolati | Got the Catalogue of Nonlocality and the Blaze
 35352 | Desolati | Learned a level 4 spell: Petrify
 35403 | Desolati | Got the Book of Conjury and Anemomancy
 35456 | Desolati | Identified the +7 flail "Buapli" {speed, rC+ Int-3 Dex+4
                  | Stlth+}
 35553 | Desolati | Identified the ring of Peru {rPois rF+ rC+ MP+9}
 35567 | Desolati | Reached skill level 5 in Stealth
 35649 | Desolati | Reached XP level 18. HP: 120/136 MP: 34/34
 35704 | Desolati | Got the Opusculum on Captivating Ozone
 36339 | Desolati | Reached skill level 15 in Necromancy
 36793 | Desolati | Gained mutation: You are frail. (-10% HP) [mutagenic glow]
 36854 | Desolati | Lost mutation: You are frail. (-10% HP) [potion of
                  | mutation]
 36854 | Desolati | Gained mutation: You are somewhat resistant to further
                  | mutation. [potion of mutation]
 36854 | Desolati | Gained mutation: Your mind is acute. (Int +4, Str/Dex -1)
                  | [potion of mutation]
 37178 | Vaults:1 | Identified the +11 rapier of Uklodoel {freeze, rPois Str+3}
 37391 | Vaults:1 | Upgraded the game from 0.31-a0-1603-gbec6b6c to
                  | 0.31-a0-1610-g9787180
 37471 | Vaults:1 | Paralysed by a formless jellyfish for 1 turns
 37741 | Orc:2    | Bought +2 ice dragon scales for 1080 gold pieces
 37779 | Elf:1    | Entered Level 1 of the Elven Halls
 37779 | Elf:1    | Found a runed translucent gate.
 37779 | Elf:1    | Found a runed translucent gate.
 37779 | Elf:1    | Found a runed translucent gate.
 37779 | Elf:1    | Found a runed translucent gate.
 37779 | Elf:1    | Found a runed translucent gate.
 37779 | Elf:1    | Found a runed translucent gate.
 37785 | Elf:1    | Found a runed translucent door.
 37802 | Elf:1    | Found a runed translucent door.
 38046 | Elf:1    | Identified the +1 chain mail of the Barnacle {Harm Will+++
                  | Dex-3}
 38220 | Elf:1    | You fall into a shaft and drop 1 floor!
 38234 | Elf:2    | Noticed Asterion
 38265 | Elf:2    | Found a runed translucent gate.
 38265 | Elf:2    | Found a runed translucent gate.
 38265 | Elf:2    | Found a runed translucent gate.
 38466 | Elf:2    | Killed from afar by a deep elf zephyrmancer

Illustrated notes

Levels and vault maps discovered:
D:1:      psy_arrival_fountain, layout_basic
D:2:      layout_basic, minmay_fractal_squares_5
D:3:      layout_loops_ring, serial_undead, serial_undead_a, serial_undead_d,
          serial_undead_f, serial_undead_c, serial_undead_a, serial_undead_d
D:4:      nicolae_cairo_tiling, layout_rooms, nicolae_overflow_hidden_temple,
          slow_altar_1, chequers_temple_overflow_minitemple,
          serial_co_window_serial, co_window_paths_a, co_window_corner_a,
          co_window_paths_a, co_window_cross_1, co_window_corner_a,
          co_window_paths_b, co_window_corner_a, co_window_corner_cb,
          co_window_broadway_c, co_window_of_opportunity_b,
          co_window_of_opportunity_b, glass_columns_a, glass_columns_a,
          glass_columns_a, glass_columns_b, uniq_natasha
D:5:      minmay_angry_zag, layout_loops_ring, trog_three_pillars_becter,
          enter_ossuary_3
D:6:      layout_basic
D:7:      layout_basic, kennysheep_mini_moat,
          nicolae_hepliaklqana_monster_ancestors,
          minmay_temple_entry_drinking_statues
D:8:      layout_gridville, gammafunk_temple_overflow_wave, ebering_ghost_xom,
          corner_web_ring, uniq_pikel
D:9:      layout_long_grid, grunt_qazlal_clouds, david_lair_generic,
          nicolae_elevator_lobby_plus
D:10:     layout_irregular_city, hellmonk_scale_shop
D:11:     minmay_general_purpose_star, layout_basic, hiddenorc1_lemuel
D:12:     layout_roguey, serial_shops, nicolae_inconvenience_store, uniq_urug
D:13:     fort_yaktaur, layout_small_grid, erik_vaults_2,
          maelrawn_ghost_gauntlet_escape
D:14:     hangedman_surveillance_ring, layout_basic,
          nicolae_trove_entry_free_sample
D:15:     hellmonk_depths_entry_around_the_bend, layout_basic, minmay_evil_grid
Lair:1:   layout_loops_ring, chequers_serial_rivers_micro_b
Lair:2:   layout_long_grid, elwin_shoals_entry_rooms
Lair:3:   layout_gridlike, nicolae_spider_entry_lesser_pyramids,
          hangedman_lair_unloving_vines, ice2_lemuel, uniq_prince_ribbit2
Lair:4:   layout_loops_ring, nicolae_lair_time_for_slime
Lair:5:   minmay_lair_end_frog_pond, layout_loops_ring, slime_entry_1,
          basic_altar, gammafunk_ghost_split
Shoals:1: layout_shoals
Spider:1: nicolae_spider_mines_3
Spider:2: layout_spider_delve, ebering_ghost_disaster_area
Spider:3: layout_spider_delve
Spider:4: spider_rune_water
Orc:1:    lemuel_ogre_cave, layout_caves, serial_shops, nicolae_diamond_shop,
          regret_index_minedec_shroomtown_chain, hangedman_minor_magic,
          uniq_maurice
Orc:2:    grunt_orc_community_town_hall, layout_caves,
          grunt_orc_community_big_house_2, grunt_orc_community_big_house_1,
          grunt_orc_community_house_2, grunt_orc_community_house_3,
          grunt_orc_community_house_3, grunt_orc_community_house_3, basic_altar,
          serial_shops, nicolae_shop_stone, mines3_lemuel
Elf:1:    nicolae_elf_arrival_dilemma, layout_geoelf_octagon,
          minmay_elf_annihilation, uniq_norris
Elf:2:    elven_hall_of_blades_hangedman_original
          [nicolae_blade_entry_sentries_behind_glass], layout_loops_corners,
          grunt_ministairs_11, uniq_asterion
Vaults:1: portal_desolation_entry_nicolae_slug, vaults_room_boxed,
          ontoclasm_vaults_ligature, nicolae_vaults_apartment_2,
          nicolae_vaults_theta, nicolae_vaults_six-pack, vaults_room_large_hall,
          ontoclasm_vaults_pinch, layout_vaults_omnigrid, serial_shops,
          nicolae_shop_trees
Vaults:2: vaults_dpeg_ring, hangedman_vaults_stagger, v_misc_2,
          vaults_standard_mumra_x, nicolae_vaults_sightless_eye, v_misc_11,
          nicolae_vaults_circle_grid_a, nicolae_vaults_house_2,
          nicolae_vaults_statue_guard, nicolae_vaults_turnstiles,
          nicolae_vaults_hexular_roomagon, vaults_dpeg_emergency_exit,
          nicolae_vaults_trapezoid_3, nicolae_vaults_tangram_2,
          layout_vaults_ring, serial_shops, nicolae_square_shop

Skill      XL: |  1  2  3  4  5  6  7  8  9 10 11 12 13 14 15 16 17 18 |
---------------+-------------------------------------------------------+-----
Alchemy        | 4 5 6 7 8 9 10 11 12 13 | 13.2
Conjurations   | 2 3 4 |  4.6
Spellcasting   | 3 5 7 9 10 12 13 | 13.0
Fighting       | 1 3 5 6 7 9 10 | 10.6
Air Magic      | 3 4 |  4.0
Fire Magic     | 2 3 4 |  4.1
Dodging        | 3 4 5 7 8 10 | 10.0
Stealth        | 3 4 5 7 |  7.6
Ice Magic      | 3 5 6 7 |  7.5
Short Blades   | 3 4 6 8 9 10 | 10.0
Summonings     | 4 6 8 |  8.0
Necromancy     | 3 6 9 10 12 13 14 15 | 15.6
Shields        | 3 4 |  4.0
Armour         | 4 |  4.7
Earth Magic    | 2 5 6 7 8 |  8.9

Action                     |  1- 3 |  4- 6 |  7- 9 | 10-12 | 13-15 | 16-18 || total
---------------------------+-------+-------+-------+-------+-------+-------++-------
  Melee: Dagger            |    33 |   136 |   222 |   367 |   790 |  1046 ||  2594
         Unarmed           |     4 |       |       |       |       |       ||     4
         Punch             |       |     2 |     6 |     3 |     4 |       ||    15
         Tailslap          |       |       |    40 |    71 |   176 |   282 ||   569
         Staff             |       |       |       |       |     5 |    28 ||    33
   Cast: Sting             |    59 |    34 |    36 |    30 |       |       ||   159
         Olgreb's Toxic Ra |       |       |     9 |    80 |    87 |   129 ||   305
         Sticky Flame      |       |       |     1 |    16 |    43 |   101 ||   161
         Mephitic Cloud    |       |       |     1 |    12 |    13 |     6 ||    32
         Summon Ice Beast  |       |       |       |    19 |    22 |    15 ||    56
         Necrotise         |       |       |       |       |    69 |       ||    69
         Dispel Undead     |       |       |       |       |    12 |    15 ||    27
         Martyr's Knell    |       |       |       |       |     6 |     2 ||     8
         Fugue of the Fall |       |       |       |       |     6 |     5 ||    11
         Borgnjor's Vile C |       |       |       |       |     2 |    35 ||    37
         Sculpt Simulacrum |       |       |       |       |       |     2 ||     2
         Irradiate         |       |       |       |       |       |    18 ||    18
         Petrify           |       |       |       |       |       |     3 ||     3
 Invoke: Unearth Wretches  |       |       |       |       |     2 |       ||     2
         Brand Weapon With |       |       |       |       |     1 |       ||     1
  Evoke: Wand              |       |       |     1 |     9 |     5 |     3 ||    18
         Condenser vane    |       |       |       |       |       |     1 ||     1
    Use: Scroll            |       |    14 |     7 |     5 |    10 |    18 ||    54
         Potion            |       |       |     3 |     8 |     1 |     9 ||    21
   Stab: Sleeping          |     2 |     3 |     5 |     5 |    12 |     6 ||    33
         Paralysed         |       |       |     4 |       |       |       ||     4
         Confused          |       |       |     1 |     7 |     4 |     3 ||    15
         Distracted        |       |       |       |       |     3 |     5 ||     8
 Armour: Robe              |    13 |       |       |       |       |       ||    13
         Leather armour    |     2 |    55 |   159 |   295 |   489 |   755 ||  1755
         Ring mail         |       |    18 |       |       |       |       ||    18
         Skin              |       |       |    32 |       |       |       ||    32
         Ice dragon scales |       |       |       |       |       |   116 ||   116
  Dodge: Dodged            |    25 |    72 |   106 |   214 |   390 |   724 ||  1531
  Block: Buckler           |       |       |       |       |   122 |   272 ||   394

Table legend: (Time is in decaauts)
 A = Elapsed time spent in this place.
 B = Non-inter-level travel time spent in this place.
 C = Inter-level travel time spent in this place.
 D = Time resting spent in this place.
 E = Time spent auto-exploring this place.
 F = Levels seen in this place.
 G = Mean time per level.
                   A        B        C        D        E       F      G
               +--------+--------+--------+--------+--------+-----+--------+
         Total |  37767 |  35856 |   1911 |   6953 |  21284 |  33 | 1144.5 |
       Dungeon |  17096 |  15961 |   1135 |   1641 |  11862 |  15 | 1139.7 |
          Lair |   6005 |   5646 |    359 |    518 |   4020 |   5 | 1201.0 |
        Shoals |      1 |      1 |      0 |      0 |      0 |   1 |    1.0 |
   Spider Nest |   4773 |   4656 |    117 |   1397 |   2314 |   4 | 1193.2 |
  Orcish Mines |   4810 |   4644 |    166 |   1717 |   1907 |   2 | 2405.0 |
   Elven Halls |    653 |    653 |      0 |     98 |    330 |   2 |  326.5 |
        Vaults |   1254 |   1123 |    131 |    310 |    403 |   2 |  627.0 |
       Ossuary |    800 |    800 |      0 |    209 |    218 |   1 |  800.0 |
    Desolation |   2370 |   2370 |      0 |   1062 |    229 |   1 | 2370.0 |
               +--------+--------+--------+--------+--------+-----+--------+

Top non-repeatable levels by time:
   Orc:2: 2464 daAuts
Desolation: 2370 daAuts
   Orc:1: 2345 daAuts
Spider:4: 1953 daAuts
    D:11: 1613 daAuts
  Lair:3: 1592 daAuts
    D:13: 1528 daAuts
    D:10: 1511 daAuts
    D:14: 1478 daAuts
     D:9: 1426 daAuts
     D:1: 1360 daAuts
  Lair:2: 1249 daAuts
  Lair:5: 1213 daAuts
Vaults:1: 1190 daAuts
     D:4: 1180 daAuts
